 Dungeon Crawl Stone Soup version 0.28-a0-265-g048bc9fd10 (webtiles) character file.

Game seed: 2919565754636747543

71 porpoise the Skirmisher (level 4, -3/39 HPs)
             Began as a Barachi Wanderer on Aug 28, 2021.
             Slain by an orc priest (5 damage)
             ... on level 3 of the Dungeon.
             The game lasted 00:08:08 (2490 turns).

porpoise the Skirmisher (Barachi Wanderer)          Turns: 2490, Time: 00:08:08

Health: -3/39      AC:  2    Str: 14    XL:     4   Next: 24%
Magic:  4/4        EV: 11    Int: 13    God:
Gold:   59         SH:  0    Dex: 11    Spells: 3/3 levels left

rFire   . . .      SeeInvis .   b - +2 shortbow
rCold   + . .      Faith    .   (shield currently unavailable)
rNeg    . . .      Spirit   .   f - +0 robe
rPois   .          Reflect  .   (no helmet)
rElec   .          Harm     .   (no cloak)
rCorr   .          Rampage  .   (no gloves)
Will    .....                   (no boots)
Stlth   +.........              (no amulet)
HPRegen 0.13/turn               q - ring of protection from cold
MPRegen 0.09/turn               r - ring of flight

@: flying, slow
A: amphibious, slowness 1, strong legs 1, +LOS
a: Hop


You were on level 3 of the Dungeon.
You visited 1 branch of the dungeon, and saw 3 of its levels.

You collected 59 gold pieces.

Inventory:

Hand Weapons
 a - a +0 mace
 b - a +2 shortbow (weapon)
 d - a +0 hand crossbow
Missiles
 c - 64 arrows (quivered ammo)
 e - 23 bolts
 i - 32 stones
 v - 6 boomerangs
Armour
 f - a +0 robe (worn)
Jewellery
 q - a ring of protection from cold (left hand)
 r - a ring of flight (right hand)
Scrolls
 h - a scroll of identify {unknown}
 l - a scroll of vulnerability {unknown}
 m - 2 scrolls of fog {unknown}
 n - a scroll of amnesia {unknown}
 p - a scroll of noise {unknown}
 s - a scroll of magic mapping {unknown}
 t - 2 scrolls of blinking {unknown}
 w - a scroll of teleportation {unknown}
Potions
 g - a potion of haste {unknown}
 j - a potion of curing
 k - a potion of invisibility {unknown}
 o - a potion of mutation {unknown}
 u - a potion of brilliance {unknown}


   Skills:
 + Level 5.3 Fighting
 - Level 3.0 Bows
 - Level 2.0 Crossbows
 - Level 1.2 Armour
 - Level 2.1 Shields


You had 3 spell levels left.
You didn't know any spells.
Your spell library was empty.

Dungeon Overview and Level Annotations

Branches:
Dungeon (3/15)

Altars:

Shops:
D:2 (


Innate Abilities, Weirdness & Mutations

You are amphibious.
You cover ground slowly.
You can hop short distances.
You have an extended range of vision and can be seen from far away.


Message History

You are too injured to fight recklessly!
Unknown command.
Fire: 69 arrows
Press: ? - help, Q - select action, (/) - cycle Shift-Dir - straight line, f - orc priest
Aim: an orc priest, wielding a +0 club and wearing a +0 leather armour (lightly wounded, 62% to hit)
You shoot an arrow.
The arrow closely misses the orc priest.
The arrow barely misses the hobgoblin.
Fire: 68 arrows
Press: ? - help, Q - select action, (/) - cycle Shift-Dir - straight line, f/p - orc priest
Aim: an orc priest, wielding a +0 club and wearing a +0 leather armour (lightly wounded, 62% to hit)
You shoot an arrow. The arrow hits the orc priest!
The orc priest is severely wounded.
The orc priest closely misses you.
Fire: 67 arrows
Press: ? - help, Q - select action, (/) - cycle Shift-Dir - straight line, f/p - orc priest
Aim: an orc priest, wielding a +0 club and wearing a +0 leather armour (severely wounded, 62% to hit)
You shoot an arrow. The arrow hits the orc priest.
The orc priest is severely wounded.
The orc priest hits you but does no damage.
The orc priest calls down the wrath of Beogh upon you.
Beogh smites you!
* * * LOW HITPOINT WARNING * * *
You feel better. The orc priest hits you with a +0 club.
* * * LOW HITPOINT WARNING * * *
Fire: 66 arrows
Press: ? - help, Q - select action, (/) - cycle Shift-Dir - straight line, f/p - orc priest
Aim: an orc priest, wielding a +0 club and wearing a +0 leather armour (severely wounded, 62% to hit)
You shoot an arrow. The arrow hits the orc priest.
The orc priest is almost dead.
The orc priest hits you with a +0 club.
* * * LOW HITPOINT WARNING * * *
Fire: 65 arrows
Press: ? - help, Q - select action, (/) - cycle Shift-Dir - straight line, f/p - orc priest
Aim: an orc priest, wielding a +0 club and wearing a +0 leather armour (almost dead, 62% to hit)
You shoot an arrow.
The arrow hits the orc priest but does no damage.
The orc priest is almost dead.
The orc priest hits you with a +0 club.
You die...

## ##....# .. ..
...##....########
#.# (..
......)..........>
..# (..
######....########
..#.( #....#


o(( #....# ##(# ....#....### ##.(# #........#####o.## ########...@ogl##
######### You could see an orc priest, an orc, a hobgoblin and a frilled lizard.

Vanquished Creatures
  3 adders (D:2)
  3 orcs
  6 ball pythons
  5 endoplasms
  A giant cockroach (D:1)
  4 goblins
  2 hobgoblins
  2 quokkas
  5 bats
  A frilled lizard (D:2)
  2 kobolds (D:1)
  6 rats
40 creatures vanquished.

Notes
Turn   | Place    | Note
-------+----------+-------------------------------------------
     0 | D:1      | porpoise the Barachi Wanderer began the quest for the Orb.
     0 | D:1      | porpoise set off with the following items: a +2 shortbow,
                  | 27 arrows, a +0 mace, a +0 hand crossbow, 23 bolts, a +0
                  | robe
     0 | D:1      | Reached XP level 1. HP: 17/17 MP: 1/1
   372 | D:1      | Reached skill level 3 in Fighting
   497 | D:1      | Reached XP level 2. HP: 12/24 MP: 2/2
  1303 | D:2      | Reached skill level 4 in Fighting
  1317 | D:2      | Found Hytod's Antique Weapon Shoppe.
  1341 | D:2      | Reached XP level 3. HP: 5/31 MP: 3/3
  2012 | D:2      | Reached skill level 5 in Fighting
  2012 | D:2      | Reached XP level 4. HP: 39/39 MP: 4/4
  2099 | D:2      | Found a faded altar of an unknown god.
  2490 | D:3      | Slain by an orc priest

Illustrated notes

Levels and vault maps discovered:
D:1:      dpeg_arrival_windows_large_door, layout_basic, minmay_pentomino_x2
D:2:      layout_basic, serial_shops, nicolae_shop_overgrown_old_shop,
          ebering_ecumenical_altar_petrified
D:3:      layout_rooms, ebering_ghost_reflecting_pool

Skill      XL: |  1  2  3 |
---------------+----------+-----
Fighting       | 3 4 5 |  5.3
Bows           | |  3.0
Crossbows      | |  2.0
Armour         | |  1.2
Shields        | |  2.1

Action                   |  1- 3 |  4- 6 || total
-------------------------+-------+-------++-------
Melee: Mace              |    52 |     4 ||    56
 Fire: Shortbow          |    33 |    15 ||    48
Throw: Boomerang         |    28 |     1 ||    29
       Stone             |       |     1 ||     1
  Use: Potion            |     1 |     1 ||     2
Armor: Robe              |    20 |     2 ||    22
Dodge: Dodged            |    40 |     6 ||    46

Table legend: (Time is in decaauts)
 A = Elapsed time spent in this place.
 B = Non-inter-level travel time spent in this place.
 C = Inter-level travel time spent in this place.
 D = Time resting spent in this place.
 E = Time spent auto-exploring this place.
 F = Levels seen in this place.
 G = Mean time per level.
                   A        B        C        D        E       F      G
               +--------+--------+--------+--------+--------+-----+--------+
         Total |   2781 |   2716 |     65 |    913 |   1209 |   3 |  927.0 |
       Dungeon |   2781 |   2716 |     65 |    913 |   1209 |   3 |  927.0 |
               +--------+--------+--------+--------+--------+-----+--------+

Top non-repeatable levels by time:
     D:1: 1413 daAuts
     D:2: 1274 daAuts
     D:3: 92 daAuts
